cohdb
Replays
Latest Replays
All Replays
Popular Replays
Top Player Replays
Match Explorer
How It Works
Community
CoH3 Stats
Reddit
Sign in to upload your games and track your stats! →
Sign in with Steam
Close game, satisfying comeback
Match 26050702
Overview
Messages
Build Orders
End
Construct Barracks
Riflemen Squad
Riflemen Squad
1⁄4-ton 4x4 Truck
M1 Mortar Team
Selects Armored Battlegroup
Selects Veteran Crews
Riflemen Squad
Infantry Support Center
Construct Medical Station
Construct Motor Pool
M1 Anti-tank Gun Team
Grenade Package
Selects Field Repairs
Selects War Machine
M24 Chaffee Light Tank
Selects Strength in Steel
Engineer Squad
Riflemen Squad
Construct Tank Depot
Construct Weapon Support Center
Selects Seek and Destroy
Selects UNKNOWN (2160077)
M3 Armored Personnel Carrier
Sniper
Construct Tank Depot
M3 Armored Personnel Carrier
M1 Anti-tank Gun Team
M4A3E8 Sherman Easy Eight
Engineer Squad
M1918 Browning Automatic Rifles
Bananenratte
PIGEONS ARE FBI DRONES
IronChest
☦Ashur
0
0
Comments
sign in to comment!
No comments posted yet!